 Seeded DCSS version 0.29.1-15-g9cfb28693d (webtiles) character file.

Game seed: 8515177902725472229 (custom seed)

28275 bmack86 the Severer (level 13, 0/116 HPs)
             Began as a Minotaur Fighter on Apr 20, 2023.
             Was a High Priest of Okawaru.
             Killed from afar by a lindwurm (11 damage)
             ... with a blast of flame
             ... while petrified by a catoblepas
             ... on level 4 of the Lair of Beasts on Apr 21, 2023.
             The game lasted 00:39:58 (16362 turns).

bmack86 the Severer (Minotaur Fighter)             Turns: 16362, Time: 00:39:59

Health: 0/116      AC: 29    Str: 20    XL:     13   Next: 8%
Magic:  17/17      EV:  2    Int: 16    God:    Okawaru [*****.]
Gold:   610        SH:  0    Dex: 11    Spells: 12/12 levels left

rFire   . . .      SeeInvis +   a - +4 war axe (flame)
rCold   . . .      Faith    .   u - +0 kite shield of Hedge Wizardry {Harm Slay+2 SInv}
rNeg    + + +      Spirit   .   P - +8 plate armour of Gestures {Int+4 Slay+3 SInv Stlth+}
rPois   ∞          Reflect  .   g - +0 hat {Will+}
rElec   +          Harm     +   c - +0 cloak
rCorr   .          Rampage  .   O - +0 pair of gloves of Fuisch {rElec Str-5 Int+7 SInv}
Will    +++..                   C - +2 pair of boots
Stlth   ..........              x - amulet of the acrobat
HPRegen 0.29/turn               F - ring of willpower
MPRegen 0.15/turn               n - ring of willpower

@: petrified
A: horns 2, retaliatory headbutt
a: Renounce Religion, Heroism, Finesse, Duel


You were on level 4 of the Lair of Beasts.
You worshipped Okawaru.
Okawaru was extremely pleased with you.
You visited 3 branches of the dungeon, and saw 15 of its levels.

You collected 1700 gold pieces.
You spent 1090 gold pieces at shops.

Inventory:

Hand Weapons
 a - a +4 war axe of flaming (weapon)
 D - a +3 war axe of flaming
Missiles
 s - 8 throwing nets
 t - 8 poisoned darts
 I - 4 javelins (quivered)
Armour
 c - a +0 cloak (worn)
 f - a +2 pair of gloves of infusion
 g - a +0 hat of willpower (worn)
 k - a +2 hat
 u - the +0 kite shield of Hedge Wizardry (worn) {Harm Slay+2 SInv}
   (You acquired it on level 2 of the Dungeon)

   Slay:      It affects your accuracy & damage with ranged weapons and melee
   (+2).
   SInv:      It lets you see invisible.
   Harm:      It increases damage dealt and taken.
 C - a +2 pair of boots (worn)
 J - a +0 plate armour
 O - the +0 pair of gloves of Fuisch (worn) {rElec Str-5 Int+7 SInv}
   (You found it on level 2 of the Lair of Beasts)

   Str:       It affects your strength (-5).
   Int:       It affects your intelligence (+7).
   rElec:     It insulates you from electricity.
   SInv:      It lets you see invisible.
 P - the +8 plate armour of Gestures (worn) {Int+4 Slay+3 SInv Stlth+}
   (Okawaru gifted it to you on level 3 of the Lair of Beasts)

   Int:       It affects your intelligence (+4).
   Slay:      It affects your accuracy & damage with ranged weapons and melee
   (+3).
   SInv:      It lets you see invisible.
   Stlth:     It makes you more stealthy.
Jewellery
 n - a ring of willpower (right hand)
 r - an amulet of faith
 x - an amulet of the acrobat (around neck)
 F - a ring of willpower (left hand)
 G - a ring of flight
Wands
 E - a wand of paralysis (13)
 K - a wand of iceblast (13)
 L - a wand of flame (18)
Scrolls
 o - 2 scrolls of noise
 p - 2 scrolls of blinking
 w - 4 scrolls of teleportation
 y - a scroll of amnesia
 z - a scroll of fear
 H - a scroll of poison
 N - a scroll of immolation
 Q - a scroll of magic mapping
Potions
 b - a potion of brilliance
 d - a potion of might
 e - 11 potions of curing
 h - a potion of attraction
 i - a potion of flight
 j - 6 potions of heal wounds
 l - a potion of ambrosia
 m - 2 potions of haste
 q - 3 potions of mutation
 v - 3 potions of cancellation
 A - 3 potions of lignification
 B - 2 potions of magic
 M - a potion of degeneration {unknown}


   Skills:
 + Level 11.2 Fighting
 - Level 18.0 Axes
 + Level 8.8 Throwing
 + Level 11.3 Armour
 + Level 11.3 Shields
 + Level 7.6 Invocations


You had 12 spell levels left.
You didn't know any spells.
Your spell library contained the following spells:

 Spells                   Type           Power      Damage    Failure   Level
 Beastly Appendage        Tmut           0%         N/A       100%        1
 Necrotise                Necr           0%         1d4       100%        1
 Slow                     Hex            0%         N/A       100%        1
 Poisonous Vapours        Pois/Air       0%         N/A       100%        2
 Wereblood                Tmut           0%         N/A       100%        2
 Confusing Touch          Hex            0%         N/A       100%        3
 Inner Flame              Hex/Fire       0%         N/A       100%        3
 Portal Projectile        Hex/Tloc       0%         N/A       100%        3
 Spider Form              Tmut/Pois      0%         N/A       100%        3
 Vampiric Draining        Necr           0%         2d6       100%        3
 Cause Fear               Hex            0%         N/A       100%        4
 Corpse Rot               Necr/Pois/Air  0%         N/A       100%        4
 Leda's Liquefaction      Hex/Erth       0%         N/A       100%        4
 Olgreb's Toxic Radiance  Pois           0%         N/A       100%        4
 Passage of Golubria      Tloc           0%         N/A       100%        4
 Agony                    Necr           0%         N/A       100%        5
 Silence                  Hex/Air        0%         N/A       100%        5
 Ozocubu's Refrigeration  Ice            0%         4d7       100%        7
 Discord                  Hex            0%         N/A       100%        8
 Ignition                 Fire           0%         3d3       100%        8
 Lehudib's Crystal Spear  Conj/Erth      0%         10d2      100%        8
 Chain Lightning          Conj/Air       0%         N/A       100%        9
 Fire Storm               Conj/Fire      0%         5d1       100%        9
 Shatter                  Erth           0%         3d5*      100%        9
 Call Canine Familiar     Summ           Unusable   N/A       N/A         3

Dungeon Overview and Level Annotations

Branches:
Dungeon (10/15)            Temple (1/1) D:7            Lair (4/5) D:10
  Swamp (0/4) Lair:3       Spider (0/4) Lair:2          Orc (0/2) D:10
  Slime: Lair:4-5

Altars:
Ashenzari
Cheibriados
Elyvilon
Fedhas
Gozag
Hepliaklqana
Makhleb
Nemelex Xobeh
Okawaru
Trog
Uskayaw
Vehumet
Xom
Yredelemnul
Zin
The Shining One

Shops:
D:2 *   D:5 *   D:7 =   D:8 ?

Annotations:
D:4 2 transporters, Grunkalo's ghost, amateur MiMo
D:6 3 runed translucent doors, bmack86's ghost, novice MiFi


Innate Abilities, Weirdness & Mutations

You have a pair of horns on your head.
You reflexively headbutt those who attack you in melee.


Message History

* * * LOW HITPOINT WARNING * * *
The catoblepas breathes a plume of calcifying dust at you.
The blast of calcifying dust hits you but does no damage.
You turn to flesh and can move again.
You barely miss the catoblepas.
The catoblepas is severely wounded.
You barely miss the lindwurm.
You are engulfed in calcifying dust.
You are slowing down.
The lindwurm bites you but does no damage.
The lindwurm claws you but does no damage.
You block the lindwurm's attack. You block the catoblepas's attack.
You slice the catoblepas!! You burn the catoblepas!
You kill the catoblepas!
Okawaru accepts your kill.
You slash the lindwurm! You burn the lindwurm.
You are engulfed in calcifying dust.
The lindwurm bites you but does no damage.
You block the lindwurm's attack.
The lindwurm claws you but does no damage.
The lindwurm completely misses you.
The lindwurm claws you but does no damage. x2
Your limbs are stiffening.
You hit the lindwurm but do no damage. You headbutt the lindwurm.
The lindwurm is moderately wounded.
You are engulfed in calcifying dust.
The lindwurm bites you but does no damage.
You block the lindwurm's attack. x2; You have turned to stone.
The lindwurm bites you but does no damage.
The lindwurm claws you but does no damage. x2
The lindwurm breathes flames at you. The blast of flame hits you!!
* * * LOW HITPOINT WARNING * * *
The lindwurm bites you. The lindwurm barely misses you.
The lindwurm claws you but does no damage.
The lindwurm bites you but does no damage.
The lindwurm claws you.
The lindwurm claws you but does no damage.
The lindwurm breathes flames at you. The blast of flame hits you!!
You die...

...............
.#.................... .
.....(#####..##...P.#.
.. #....# #...#........
...#....# ##..#........
....#...#####...........
..........?##.....#.##..
...........#.....#### ..
#.k@.........# .
.....##†.........# ...
#..........# .
.............#
...#P...##....#
..###............ .
#.............
#..P..........


You could see a lindwurm (catching breath).

Vanquished Creatures
  Gastronok (D:8)
  Harold (Lair:2)
  2 hydras
  A catoblepas (Lair:4)
  A two-headed ogre (D:9)
  Erica (D:8)
  A swamp dragon (Lair:3)
  Pikel (D:8)
  A lindwurm (Lair:2)
  A cyclops (D:8)
  A manticore (D:10)
  3 black mambas
  Joseph (D:8)
  5 cane toads
  A torpor snail (Lair:2)
  2 unseen horrors (D:10)
  Psyche (D:9)
  Maggie (D:10)
  5 komodo dragons
  An unseen horror zombie (D:9)
  A rime drake (Lair:1)
  2 trolls
  A hornet (Lair:2)
  12 blink frogs
  Prince Ribbit (D:9)
  A shadow (D:9)
  6 wyverns
  36 yaks
  A vampire (D:10)
  A wraith (D:10)
  Grum (D:10)
  3 steam dragons
  3 vampire mosquitoes (D:10)
  2 basilisks
  10 water moccasins
  3 ice beasts
  An orc warrior (D:6)
  2 black bears (Lair:3)
  7 wolves
  2 centaurs
  An ogre (D:6)
  5 bullfrogs
  A wyvern zombie (D:9)
  A gnoll sergeant (D:9)
  4 scorpions
  7 wights
  12 killer bees
  3 electric eels (D:8)
  3 jellies
  A hound (D:7)
  4 orc priests
  3 gnoll boudas
  5 iguanas
  2 orc wizards
  18 gnolls
  3 adders
  10 river rats (D:6)
  2 white imps
  2 ufetubi
  2 worms (Lair:2)
  3 dart slugs
  26 orcs
  5 ball pythons
  5 bats
  3 endoplasms
  6 giant cockroaches
  7 goblins
  7 hobgoblins
  5 jackals (D:2)
  8 quokkas
  5 frilled lizards
  4 kobolds
  24 rats
325 creatures vanquished.

Vanquished Creatures (others)
  14 fungi
  18 plants
32 creatures vanquished.

Grand Total: 357 creatures vanquished

Notes
Turn   | Place    | Note
-------+----------+-------------------------------------------
     0 | D:1      | bmack86 the Minotaur Fighter began the quest for the Orb.
     0 | D:1      | Reached XP level 1. HP: 19/19 MP: 0/0
   178 | D:1      | Reached XP level 2. HP: 24/27 MP: 1/1
   282 | D:1      | Reached skill level 3 in Axes
   337 | D:1      | You fall into a shaft and drop 1 floor!
   958 | D:1      | Identified a scroll of acquirement
   958 | D:1      | Acquired a +1 pair of gloves of infusion
  1034 | D:2      | Reached XP level 3. HP: 33/33 MP: 0/2
  1073 | D:2      | Found a shimmering altar of Xom.
  1168 | D:2      | Found Vuamm's General Store.
  1235 | D:2      | HP: 1/33 [gnoll/+0 whip (3)]
  1717 | D:2      | Reached XP level 4. HP: 20/40 MP: 0/3
  1899 | D:2      | Acquired the +0 kite shield of Hedge Wizardry {Harm Slay+2
                  | SInv}
  1910 | D:2      | Acquired a manual of Axes
  1912 | D:2      | Acquired 1022 gold pieces
  1975 | D:2      | Bought 3 scrolls of enchant weapon for 225 gold pieces
  1975 | D:2      | Bought 5 poisoned darts for 20 gold pieces
  1975 | D:2      | Bought a potion of cancellation for 80 gold pieces
  2001 | D:2      | Reached skill level 4 in Axes
  2348 | D:3      | Reached XP level 5. HP: 47/47 MP: 1/4
  2399 | D:3      | Found a faded altar of an unknown god.
  2985 | D:4      | Reached skill level 5 in Axes
  2985 | D:4      | Reached skill level 1 in Throwing
  3204 | D:4      | Noticed Grunkalo's ghost (amateur MiMo)
  3206 | D:4      | Found a transporter.
  3224 | D:4      | Found a transporter.
  3592 | D:5      | Entered Level 5 of the Dungeon
  3712 | D:5      | Reached skill level 6 in Axes
  3738 | D:5      | Reached XP level 6. HP: 53/53 MP: 3/5
  3788 | D:5      | Found a radiant altar of Vehumet.
  3913 | D:5      | Reached skill level 5 in Armour
  3974 | D:5      | Noticed a water moccasin
  3981 | D:5      | Killed a water moccasin
  3982 | D:5      | Reached skill level 5 in Fighting
  3982 | D:5      | Reached skill level 7 in Axes
  3982 | D:5      | Reached skill level 5 in Shields
  4130 | D:5      | Reached XP level 7. HP: 61/61 MP: 4/6
  4536 | D:5      | Found Bylic's Specific Store.
  4540 | D:5      | Found Naef Ace's General Store.
  4549 | D:5      | Bought a +0 plate armour for 345 gold pieces
  4553 | D:5      | Bought a scroll of magic mapping for 105 gold pieces
  4553 | D:5      | Bought 3 scrolls of enchant armour for 315 gold pieces
  4619 | D:6      | Found a hazy altar of Hepliaklqana.
  4667 | D:6      | Reached skill level 8 in Axes
  4925 | D:6      | Noticed a troll
  4930 | D:6      | Killed a troll
  4931 | D:6      | Reached skill level 9 in Axes
  4931 | D:6      | Reached XP level 8. HP: 54/70 MP: 4/7
  5071 | D:6      | Reached skill level 10 in Axes
  5448 | D:6      | Found a runed translucent gate.
  5448 | D:6      | Found a runed translucent gate.
  5448 | D:6      | Found a runed translucent gate.
  5449 | D:6      | Noticed bmack86's ghost (novice MiFi)
  5811 | D:7      | Reached skill level 11 in Axes
  6056 | D:7      | Found a staircase to the Ecumenical Temple.
  6069 | Temple   | Entered the Ecumenical Temple
  6075 | Temple   | Became a worshipper of Warmaster Okawaru
  6524 | D:7      | Found the +0 staff of Battle
  6646 | D:7      | Identified the +2 long sword "Widowermaker" {vorpal, rN+
                  | Str+3}
  6650 | D:7      | Found Zauzocer's Jewellery Emporium.
  6774 | D:8      | Found Zilis's Magic Scroll Shoppe.
  6801 | D:8      | Reached XP level 9. HP: 78/78 MP: 6/8
  6847 | D:8      | Noticed Pikel
  6856 | D:8      | Killed Pikel
  6856 | D:8      | Reached * piety under Okawaru
  6857 | D:8      | Reached skill level 12 in Axes
  6857 | D:8      | Reached skill level 1 in Invocations
  6952 | D:8      | Found a glowing silver altar of Zin.
  7004 | D:8      | Noticed Gastronok
  7018 | D:8      | Killed Gastronok
  7018 | D:8      | Reached ** piety under Okawaru
  7019 | D:8      | Reached skill level 13 in Axes
  7019 | D:8      | Reached skill level 5 in Throwing
  7117 | D:8      | Noticed a cyclops
  7118 | D:8      | Noticed a two-headed ogre
  7348 | D:8      | Noticed Joseph
  7358 | D:8      | Killed Joseph
  7359 | D:8      | Reached XP level 10. HP: 77/88 MP: 7/11
  7684 | D:8      | Reached skill level 14 in Axes
  7833 | D:8      | Killed a cyclops
  7833 | D:8      | Reached *** piety under Okawaru
  8296 | D:8      | Found a snail-covered altar of Cheibriados.
  8357 | D:8      | Noticed Erica
  8364 | D:8      | Killed Erica
  8765 | D:9      | Noticed Psyche
  8769 | D:9      | Killed Psyche
  9149 | D:9      | Reached skill level 15 in Axes
  9606 | D:9      | Noticed Prince Ribbit
  9618 | D:9      | Killed Prince Ribbit
  9981 | D:9      | Noticed a two-headed ogre
  9984 | D:9      | Killed a two-headed ogre
  9984 | D:9      | Reached **** piety under Okawaru
 10129 | D:9      | Reached XP level 11. HP: 95/95 MP: 9/13
 10164 | D:9      | Found a basalt altar of Yredelemnul.
 10260 | D:10     | Entered Level 10 of the Dungeon
 10377 | D:10     | Found a staircase to the Orcish Mines.
 10426 | D:10     | Noticed Maggie
 10433 | D:10     | Killed Maggie
 10433 | D:10     | Received a gift from Okawaru
 10445 | D:10     | Reached skill level 16 in Axes
 10448 | D:10     | Found a blossoming altar of Fedhas.
 10533 | D:10     | Found a staircase to the Lair.
 10690 | D:10     | Noticed Grum
 10702 | D:10     | Killed Grum
 11009 | D:10     | Received a gift from Okawaru
 11010 | D:10     | Reached skill level 5 in Invocations
 11132 | D:10     | Found a burning altar of Makhleb.
 11526 | D:10     | Reached ***** piety under Okawaru
 11814 | Lair:1   | Entered Level 1 of the Lair of Beasts
 11868 | Lair:1   | Reached skill level 17 in Axes
 12111 | Lair:1   | Noticed an eight-headed hydra
 12118 | Lair:1   | Killed a five-headed hydra
 12118 | Lair:1   | Received a gift from Okawaru
 12702 | Lair:1   | Received a gift from Okawaru
 12703 | Lair:1   | Reached skill level 10 in Shields
 13252 | Lair:2   | Noticed Harold
 13255 | Lair:2   | Reached XP level 12. HP: 106/106 MP: 9/15
 13262 | Lair:2   | Killed Harold
 13263 | Lair:2   | Reached skill level 10 in Armour
 13367 | Lair:2   | Noticed a four-headed hydra
 13380 | Lair:2   | Reached skill level 10 in Fighting
 13380 | Lair:2   | Killed a one-headed hydra
 13424 | Lair:2   | Found a hole to the Spider Nest.
 13588 | Lair:2   | Identified the +0 chain mail "Nicigref" {rPois}
 13630 | Lair:2   | Identified the +0 pair of gloves of Fuisch {rElec Str-5
                  | Int+7 SInv}
 14112 | Lair:2   | Identified the +3 mace "Cunoa" {venom, Will+ Stlth+}
 14148 | Lair:2   | Paralysed by a hornet for 2 turns
 14627 | Lair:3   | Identified the +8 plate armour of Gestures {Int+4 Slay+3
                  | SInv Stlth+} (Okawaru gifted it to you on level 3 of the
                  | Lair of Beasts)
 14627 | Lair:3   | Received a gift from Okawaru
 14736 | Lair:3   | Reached skill level 18 in Axes
 14779 | Lair:3   | Found a staircase to the Swamp.
 16200 | Lair:4   | Reached XP level 13. HP: 91/116 MP: 14/17
 16362 | Lair:4   | Killed from afar by a lindwurm

Illustrated notes

Levels and vault maps discovered:
D:1:      sevenhm_arrival_forest_fort_large_4, layout_basic,
          nrook_loot_triangle, minmay_lizard_pond
D:2:      layout_loops_ring, basic_altar, serial_shops,
          nicolae_shop_temple_entry_statues_fountains
D:3:      layout_basic, ebering_ecumenical_altar_webs, serial_forest,
          infiniplex_forest_lined_corner, infiniplex_forest_lined_1,
          infiniplex_forest_lined_1, infiniplex_forest_clump_small,
          infiniplex_forest_lined_room_3, infiniplex_forest_straight_1,
          infiniplex_forest_lined_room_2, infiniplex_forest_straight_4
D:4:      layout_cave_pools, gammafunk_ghost_arena
D:5:      layout_loops_ring, mainiacjoe_overflow_catwalk, nicolae_specific_store
D:6:      lemuel_ratsnest, layout_rooms, mainiacjoe_overflow_boulevard,
          ebering_ghost_rock_garden, hangedman_abyss_or_decor_stagger,
          serial_park_tiny_1
D:7:      layout_loops_cross, nicolae_overflow_hidden_temple,
          minmay_temple_entry_mist, serial_shops, kennysheep_little_box,
          hangedman_abyss_or_decor_stabs, minmay_misc_feat_iff
D:8:      layout_basic, mainiacjoe_overflow_alcove_4, lemuel_doored_altar,
          serial_shops, shop_fountains, minmay_crystal_water,
          kennysheep_island_fort, uniq_pikel, uniq_joseph, uniq_erica,
          uniq_gastronok
D:9:      layout_stronghold, lemuel_zombie_altar_yredelemnul, uniq_psyche,
          uniq_prince_ribbit1
D:10:     layout_grid_maze, lightli_temple_of_fire, fedhas_ov_isle_minmay,
          dpeg_oklobed_lair, chequers_serial_rivers_micro_e, uniq_grum,
          uniq_maggie
Temple:   eino_narrow_crystal_temple
Lair:1:   layout_long_grid
Lair:2:   layout_loops_ring, nicolae_spider_entry_non_spiders,
          serial_bayou_pond_a, uniq_harold
Lair:3:   layout_small_grid, minmay_swamp_entry_reptiles, grunt_megastairs_1
Lair:4:   layout_gridlike, minmay_slime_entry_oklob_open, basic_altar,
          gammafunk_ghost_split, beast_lair_carwin_2

Skill      XL: |  1  2  3  4  5  6  7  8  9 10 11 12 |
---------------+-------------------------------------+-----
Axes           | 3 4 6 7 9 11 13 15 17 18 | 18.0
Fighting       | 4 5 6 7 8 9 11 | 11.2
Armour         | 4 5 6 7 8 9 11 | 11.3
Shields        | 4 5 6 7 8 10 11 | 11.3
Throwing       | 1 2 3 4 5 6 7 8 |  8.8
Invocations    | 3 4 5 7 |  7.6

Action                   |  1- 3 |  4- 6 |  7- 9 | 10-12 | 13-15 || total
-------------------------+-------+-------+-------+-------+-------++-------
Melee: War axe           |    63 |    73 |   138 |   307 |    14 ||   595
       Headbutt          |     6 |    13 |    23 |    52 |     5 ||    99
Throw: Throwing net      |     1 |       |       |       |       ||     1
       Dart              |       |       |       |     4 |       ||     4
       Javelin           |       |       |       |     3 |       ||     3
Invok: Heroism           |       |       |       |     8 |       ||     8
       Finesse           |       |       |       |     1 |       ||     1
  Use: Scroll            |     3 |     6 |    22 |     4 |       ||    35
       Potion            |     1 |       |     1 |       |       ||     2
Armor: Scale mail        |    41 |    12 |       |       |       ||    53
       Chain mail        |       |    20 |     1 |       |       ||    21
       Plate armour      |       |       |    74 |   140 |    21 ||   235
Dodge: Dodged            |    41 |    42 |    51 |   123 |     3 ||   260
Block: Buckler           |    19 |       |       |       |       ||    19
       Kite shield       |       |    32 |    75 |   197 |    10 ||   314
